AoeStats
← Hebron

MegaRandom

510152732Analyzed
4v4 RM · 17h ago on Sep 29, 2026· 42m 56s· 8 players
Game mode
Random Map
Map size
Large (8 player)
Population
200
Speed
Normal
Resources
Standard
Victory
Conquest
Starting age
Dark Age
Ending age
Imperial Age
RankedLock teamsTeams togetherTeam positionsShared explorationLock speedFull tech treeHidden civsTurbo modeCheats
Victory
Defeat
🇫🇮 Turks · Finland
1636
+13
🇫🇮 Slavs · Finland
1617
+14
🇫🇮 Bohemians · Finland
1605
+15
🇫🇮 Aztecs · Finland
1601
+15
🇺🇸 Mapuche · United States
1649
-18
🇸🇪 Khitans · Sweden
1649
-17
🇹🇷 Lithuanians · Türkiye
1504
-11
🇺🇸 Spanish · United States
1503
-11
Hebron
6:32 Loom
16:47 Feudal Age
20:29 Castle Age
18:33 Horse Collar
21:56 Double-Bit Axe
22:55 Bow Saw
30:32 Wheelbarrow
31:07 Demolition Ship
37:16 Hand Cart
39:41 Padded Archer Armor
39:33 Town Watch
40:25 Scale Barding Armor
40:30 Forging
41:28 Chain Barding Armor
41:26 Leather Archer Armor
44:48 Imperial Age
Its Jskillz
8:32 Loom
13:31 Feudal Age
14:32 Double-Bit Axe
26:55 Castle Age
25:30 Horse Collar
26:40 Champi Runner
27:28 Scale Mail Armor
27:55 Champi Warrior
30:52 Wheelbarrow
33:22 Pikeman
34:48 Heavy Plow
35:33 Bow Saw
xGusZx24
4:16 Loom
13:59 Feudal Age
14:34 Double-Bit Axe
19:09 Castle Age
18:36 Forging
18:51 Scale Barding Armor
20:26 Iron Casting
21:01 Town Watch
22:53 Bow Saw
25:19 Wheelbarrow
24:19 Light Cavalry
27:07 Husbandry
28:44 Domestication
31:35 Chain Barding Armor
33:13 Scale Mail Armor
35:29 Squires
35:14 Arson
35:21 Man-at-Arms
35:46 Gambesons
0_TactX
7:36 Loom
15:13 Feudal Age
20:28 Castle Age
19:44 Double-Bit Axe
19:40 Horse Collar
22:06 Bow Saw
28:38 Wheelbarrow
28:57 Town Watch
31:05 Heavy Plow
32:00 Hand Cart
35:19 Imperial Age
35:02 Scale Barding Armor
35:08 Forging
36:20 Chain Barding Armor
36:36 Crop Rotation
37:10 Two-Man Saw
37:14 Bloodlines
37:05 Husbandry
36:26 Cavalier
37:43 Iron Casting
36:39 Light Cavalry
39:27 Plate Barding Armor
39:52 Winged Hussar
30Markus
3:51 Loom
14:31 Feudal Age
19:17 Castle Age
17:16 Horse Collar
18:31 Double-Bit Axe
21:08 Scale Barding Armor
23:00 Bloodlines
23:41 Forging
24:11 Chain Barding Armor
24:42 Husbandry
28:15 Wheelbarrow
28:54 Forging
29:52 Hand Cart
35:37 Imperial Age
38:03 Conscription
37:50 Fishing Lines
40:22 Sipahi
40:18 Fletching
41:06 Bodkin Arrow
41:53 Bracer
42:24 Padded Archer Armor
42:55 Ballistics
43:58 Parthian Tactics
gottagou
4:21 Loom
16:51 Feudal Age
22:01 Castle Age
21:29 Fletching
21:23 Fishing Lines
22:14 Crossbowman
26:20 Medium Warships
26:01 Double-Bit Axe
30:18 Wheelbarrow
29:29 Town Watch
31:21 Bodkin Arrow
31:49 Squires
33:04 Ballistics
33:30 Horse Collar
36:21 Chemistry
39:46 Imperial Age
38:52 Hand Cart
39:21 Bow Saw
39:12 Heavy Plow
39:52 Arbalester
41:24 Bracer
41:35 Capped Ram
Pahvi0
7:56 Loom
12:38 Feudal Age
13:06 Double-Bit Axe
14:23 Forging
19:57 Wheelbarrow
24:18 Castle Age
23:14 Gold Mining
25:15 Bow Saw
26:06 Sanctity
27:25 Fishing Lines
29:11 Iron Casting
29:11 Hand Cart
28:38 Horse Collar
29:30 Scale Barding Armor
29:53 Heavy Plow
31:19 Chain Barding Armor
31:57 Husbandry
32:38 Devotion
33:55 Bloodlines
39:56 Town Watch
40:24 Gillnets
40:17 Light Cavalry
Ee-meili
4:28 Loom
16:05 Feudal Age
16:50 Town Watch
19:56 Castle Age
20:46 Double-Bit Axe
31:32 Bow Saw
35:27 Wheelbarrow
38:03 Fletching
38:01 Elite Skirmisher
40:22 Hand Cart
42:48 Horse Collar
Connection lost

Rejoining the realm…

Still unreachable

The connection could not be restored.

Session expired

The server has moved on; the page needs a fresh start.